 Dungeon Crawl Stone Soup version 0.30-a0-639-g3916f1956a (webtiles) character file.

Game seed: 6175422427337805535

9720 Uniporpoise the Summoner (level 11, -2/67 HPs)
             Began as a Gargoyle Fire Elementalist on Jan 16, 2023.
             Was a Believer of Vehumet.
             Killed from afar by a gargoyle (20 damage)
             ... with a stone arrow
             ... on level 11 of the Dungeon.
             The game lasted 00:29:40 (13541 turns).

Uniporpoise the Summoner (GrFE)                    Turns: 13541, Time: 00:29:41

Health: -2/67      AC: 20    Str: 12    XL:     11   Next: 50%
Magic:  12/23      EV: 12    Int: 20    God:    Vehumet [**....]
Gold:   558        SH:  5    Dex: 10    Spells: 2/27 levels left

rFire   . . .      SeeInvis .    G - +2 whip (elec)
rCold   . . .      Faith    .    (no shield)
rNeg    + . .      Spirit   .    L - +0 steam dragon scales
rPois   ∞          Reflect  +    z - +0 helmet
rElec   +          Harm     .    (no cloak)
rCorr   .          Rampage  .    O - +0 pair of gloves
Will    .....                    q - +0 pair of boots
Stlth   ++                       J - amulet of reflection
HPRegen 0.31/turn                k - +4 ring of protection
MPRegen 0.18/turn                I - +4 ring of protection

@: corroded
A: sickness immunity, AC +8, negative energy resistance 1, electricity
resistance, torment resistance 1, petrification resistance
a: Renounce Religion


You were on level 11 of the Dungeon.
You worshipped Vehumet.
Vehumet was pleased with you.
You visited 2 branches of the dungeon, and saw 13 of its levels.

You collected 558 gold pieces.

Inventory:

Hand Weapons
 G - a +2 whip of electrocution (weapon)
Missiles
 H - 2 throwing nets
Armour
 q - a +0 pair of boots (worn)
 z - a +0 helmet (worn)
 L - +0 steam dragon scales (worn)
 O - a +0 pair of gloves (worn)
 Q - a +2 robe of willpower
Magical Staves
 o - a staff of air
Jewellery
 k - a +4 ring of protection (left hand)
 s - a ring of flight
 I - a +4 ring of protection (right hand)
 J - an amulet of reflection (around neck)
 N - an amulet of regeneration
 P - a +5 ring of evasion
Wands
 l - a wand of charming (3)
 m - a wand of roots (16)
 B - a wand of mindburst (14)
 F - a wand of flame (60)
Scrolls
 e - 5 scrolls of immolation
 f - 2 scrolls of vulnerability
 g - 2 scrolls of blinking
 i - 3 scrolls of fog
 r - 3 scrolls of magic mapping
 u - a scroll of identify
 v - a scroll of acquirement {unknown}
 x - a scroll of poison {unknown}
 y - 2 scrolls of amnesia
 A - 2 scrolls of enchant weapon
 C - a scroll of butterflies {unknown}
 K - a scroll of brand weapon {unknown}
Potions
 a - a potion of invisibility
 b - a potion of magic
 c - 2 potions of heal wounds
 d - 4 potions of attraction
 h - 8 potions of might
 j - 2 potions of mutation
 n - 7 potions of curing
 p - 3 potions of lignification
 t - 2 potions of degeneration {unknown}
 w - a potion of brilliance {unknown}
 D - a potion of cancellation {unknown}
 E - a potion of haste {unknown}
 M - 2 potions of flight {unknown}


   Skills:
 - Level 7.2 Fighting
 - Level 2.0 Armour
 - Level 2.0 Dodging
 - Level 3.0 Stealth
 + Level 8.6 Spellcasting
 - Level 5.5 Conjurations
 * Level 9.3 Summonings
 - Level 3.2 Translocations
 - Level 6.1 Fire Magic
 - Level 2.0 Air Magic


You had 2 spell levels left.
You knew the following spells:

 Your Spells              Type           Power      Damage    Failure   Level
a - Foxfire               Conj/Fire      100%       2x1d9     1%          1
b - Scorch                Fire           66%        2d8       1%          2
c - Flame Wave            Conj/Fire      32%        2d9       7%          4
d - Kindle Blastsparks    Fire/Tloc/Air  46%        2d13      4%          3
e - Summon Hydra          Summ           22%        N/A       83%         7
f - Lehudib's Crystal Sp  Conj/Erth      9%         10d4      100%        8

Your spell library contained the following spells:

 Spells                   Type           Power      Damage    Failure   Level
 Momentum Strike          Conj/Tloc      52%        3d9       1%          2
 Summon Small Mammal      Summ           100%       N/A       1%          1
 Static Discharge         Conj/Air       46%        2-4/arc   2%          2
 Lesser Beckoning         Tloc           42%        N/A       3%          2
 Wereblood                Tmut           8%         N/A       12%         2
 Call Canine Familiar     Summ           45%        N/A       1%          3
 Summon Guardian Golem    Hex/Summ       27%        N/A       3%          3
 Gell's Gravitas          Tloc           21%        N/A       6%          3
 Teleport Other           Tloc           21%        N/A       6%          3
 Inner Flame              Hex/Fire       20%        N/A       7%          3
 Vhi's Electric Charge    Tloc/Air       38%        N/A       9%          3
 Summon Forest            Summ/Tloc      16%        N/A       17%         5
 Passage of Golubria      Tloc           21%        N/A       21%         4
 Summon Cactus Giant      Summ           22%        N/A       26%         6
 Summon Mana Viper        Hex/Summ       27%        N/A       32%         5
 Arcjolt                  Conj/Air       11%        1d21      43%         5
 Lightning Bolt           Conj/Air       11%        1d24      43%         5
 Cause Fear               Hex            4%         N/A       63%         4
 Silence                  Hex/Air        6%         N/A       83%         5
 Discord                  Hex            4%         N/A       100%        8
 Sublimation of Blood     Necr           Unusable   N/A       N/A         2

Dungeon Overview and Level Annotations

Branches:
Dungeon (12/15)            Temple (1/1) D:5            Lair (0/5) D:11
    Orc (0/2) D:12

Altars:
Ashenzari
Cheibriados
Dithmenos
Elyvilon
Fedhas
Gozag
Hepliaklqana
Kikubaaqudgha
Makhleb
Nemelex Xobeh
Okawaru
Qazlal
Ru
Sif Muna
Trog
Uskayaw
Vehumet
Wu Jian
Xom
Yredelemnul
Zin
The Shining One
Jiyva

Annotations:
D:2 1 runed translucent door, Crazy Yiuf
D:8 exclusion: orange crystal statue
D:9 2 transporters


Innate Abilities, Weirdness & Mutations

You are immune to sickness and miasma.
Your stone body is resilient. (AC +8)
You are immune to poison.
You resist negative energy. (rN+)
You are resistant to electric shocks. (rElec)
You are resistant to unholy torment.
You are immune to petrification.


Message History

Confirm with . or Enter, or press ? or * to list all spells.
A cloud of volatile blastsparks flares up around you!
The cloud of blastsparks explodes!
The concussive blast engulfs the acid dragon!
The acid dragon is heavily wounded.
Casting: Kindle Blastsparks (dangerous; 4% risk of failure)
Confirm with . or Enter, or press ? or * to list all spells.
A cloud of volatile blastsparks flares up around you!
The cloud of blastsparks explodes!
The concussive blast engulfs the acid dragon!
The acid dragon is severely wounded.
The acid dragon spits acid at you. The splash of acid hits you!!
The acid corrodes you!
The cloud of blastsparks explodes!
The concussive blast engulfs the acid dragon!!
You kill the acid dragon!
Vehumet accepts your kill.
There is a staircase to the Lair here.
Casting: Kindle Blastsparks (dangerous; 4% risk of failure)
Confirm with . or Enter, or press ? or * to list all spells.
A cloud of volatile blastsparks flares up around you!
The cyclops throws a large rock.
The large rock hits you!!!
Ouch! That really hurt!
* * * LOW HITPOINT WARNING * * *
A gargoyle comes into view. It is wielding a +0 flail.
You feel much better.
The gargoyle hurls a stone arrow at you.
The stone arrow hits you.
The cyclops throws a large rock.
The large rock hits you but does no damage.
Casting: Kindle Blastsparks (dangerous; 4% risk of failure)
Confirm with . or Enter, or press ? or * to list all spells.
A cloud of volatile blastsparks flares up around you!
The gargoyle hurls a stone arrow at you.
The stone arrow hits you!
The cyclops throws a large rock.
The large rock hits you!
* * * LOW HITPOINT WARNING * * *
The gargoyle hurls a stone arrow at you.
The stone arrow hits you!!
You die...

#..........#######.o.
#..........# #...
#.....)....# #...
######)##### #...
#[## #... #[.# #...
##.# ######
#######.#### #..,,,
#...@§9....# ##'####
#.####.....####......
*,##...).....##......
#.#...........#(.....
#....................
#.......§............
#....................
#.#.....C.....#.#.#.#
#.##.........##......


You could see a gargoyle.

Vanquished Creatures
  Erica (D:10)
  Pikel (D:5)
  Psyche (D:10)
  A komodo dragon (D:10)
  2 trolls
  3 hornets
  5 shadows
  A wraith (D:10)
  14 yaks
  A wyvern (D:11)
  3 steam dragons
  3 wargs
  An acid dragon (D:11)
  2 ice beasts
  2 black bears
  An orc warrior (D:8)
  5 centaurs
  2 ogres
  A kobold brigand (D:9)
  2 necrophages
  2 bullfrogs
  2 scorpions (D:4)
  7 wights
  A jelly (D:7)
  4 howler monkeys (D:9)
  8 orc priests
  6 hounds
  Jessica (D:2)
  13 orc wizards
  7 iguanas
  A hound skeleton (D:6)
  A mummy (D:4)
  Robin (D:2)
  8 gnolls
  7 adders
  A white imp (D:6)
  2 ufetubi (D:5)
  A worm (D:3)
  34 orcs
  3 bats (D:3)
  6 endoplasms
  A giant cockroach (D:2)
  11 hobgoblins
  2 jackals (D:1)
  3 quokkas
  6 ball pythons
  2 frilled lizards (D:1)
  16 goblins
  2 hobgoblin zombies (D:4)
  5 kobolds
  A kobold zombie (D:4)
  An orc zombie (D:4)
  7 rats
225 creatures vanquished.

Vanquished Creatures (collateral kills)
  A foxfire (D:5)
1 creature vanquished.

Vanquished Creatures (others)
  A lava snake (D:8)
  229 foxfires
230 creatures vanquished.

Grand Total: 456 creatures vanquished

Notes
Turn   | Place    | Note
-------+----------+-------------------------------------------
     0 | D:1      | Uniporpoise the Gargoyle Fire Elementalist began the quest
                  | for the Orb.
     0 | D:1      | Reached XP level 1. HP: 10/10 MP: 3/3
   297 | D:1      | Reached XP level 2. HP: 11/16 MP: 0/5
   583 | D:1      | Learned a level 2 spell: Scorch
  1200 | D:2      | Noticed Robin
  1344 | D:2      | Noticed Jessica
  1349 | D:2      | Killed Jessica
  1350 | D:2      | Reached skill level 1 in Fighting
  1350 | D:2      | Reached XP level 3. HP: 20/20 MP: 0/6
  1428 | D:2      | Killed Robin
  1429 | D:2      | Reached XP level 4. HP: 25/25 MP: 0/7
  1518 | D:1      | Learned a level 4 spell: Flame Wave
  2069 | D:2      | Found a runed translucent door.
  2070 | D:2      | Noticed Crazy Yiuf
  2377 | D:3      | HP: 1/25 [something/puff of flame (9)]
  2467 | D:3      | Reached XP level 5. HP: 29/29 MP: 2/9
  3297 | D:3      | Learned a level 3 spell: Kindle Blastsparks
  3365 | D:4      | Reached XP level 6. HP: 35/35 MP: 2/10
  3938 | D:4      | Reached skill level 1 in Translocations
  4138 | D:4      | Noticed a black bear
  4142 | D:4      | Reached XP level 7. HP: 40/40 MP: 6/12
  4258 | D:4      | Reached skill level 5 in Fire Magic
  5334 | D:5      | Entered Level 5 of the Dungeon
  5338 | D:5      | Noticed Pikel
  5485 | D:5      | Reached XP level 8. HP: 41/46 MP: 8/13
  5539 | D:5      | Killed Pikel
  5736 | D:5      | Found a hazy altar of Hepliaklqana.
  5743 | D:5      | Reached skill level 5 in Conjurations
  6065 | D:5      | Found a staircase to the Ecumenical Temple.
  6175 | Temple   | Entered the Ecumenical Temple
  6313 | D:6      | Reached skill level 1 in Armour
  6485 | D:6      | Reached skill level 5 in Spellcasting
  6485 | D:6      | Reached XP level 9. HP: 46/52 MP: 9/16
  6968 | D:6      | Found a burning altar of Makhleb.
  7570 | D:6      | Learned a level 7 spell: Summon Hydra
  7735 | D:7      | Reached skill level 1 in Summonings
  7859 | D:7      | Found a radiant altar of Vehumet.
  7871 | D:7      | Became a worshipper of Vehumet
  8182 | D:7      | Found an ancient bone altar of Kikubaaqudgha.
  8189 | D:7      | Found a blossoming altar of Fedhas.
  8236 | D:7      | Reached skill level 5 in Fighting
  8440 | D:7      | Reached skill level 2 in Summonings
  8619 | D:7      | Noticed a hornet
  8624 | D:7      | Killed a hornet
  8750 | D:7      | Found a shimmering blue altar of Sif Muna.
  8874 | D:7      | Reached skill level 3 in Summonings
  9564 | D:8      | Reached skill level 4 in Summonings
  9924 | D:8      | Reached XP level 10. HP: 60/60 MP: 9/19
 10126 | D:8      | Reached skill level 5 in Summonings
 10130 | D:8      | Reached * piety under Vehumet
 10130 | D:8      | Offered knowledge of Freeze by Vehumet.
 10264 | D:8      | Found an iron altar of Okawaru.
 10295 | D:8      | Noticed an orange crystal statue
 10903 | D:9      | Reached skill level 6 in Summonings
 11278 | D:9      | Reached skill level 7 in Summonings
 11312 | D:9      | Found a transporter.
 11313 | D:9      | Found a viscous altar of Jiyva.
 11520 | D:9      | Found a transporter.
 11716 | D:9      | You fall into a shaft and drop 3 floors!
 11757 | D:10     | Entered Level 10 of the Dungeon
 11772 | D:10     | Reached XP level 11. HP: 40/67 MP: 11/22
 11863 | D:10     | Noticed Psyche
 11875 | D:10     | Killed Psyche
 11962 | D:10     | Reached skill level 8 in Summonings
 12030 | D:10     | Offered knowledge of Momentum Strike by Vehumet.
 12032 | D:10     | Reached ** piety under Vehumet
 12083 | D:10     | Noticed Erica
 12096 | D:10     | Killed Erica
 12244 | D:10     | Identified the +5 chain mail of the Keeping Gods {rN++
                  | Str+3}
 12877 | D:10     | Learned a level 8 spell: Lehudib's Crystal Spear
 12897 | D:11     | Noticed a cyclops
 13170 | D:11     | Reached skill level 9 in Summonings
 13439 | D:11     | Found a staircase to the Lair.
 13541 | D:11     | Killed from afar by a gargoyle

Illustrated notes

Levels and vault maps discovered:
D:1:      saegor_arrival_fortress, layout_loops_ring
D:2:      layout_rooms, minmay_misc_feat_ornament, hex_medium,
          uniq_crazy_yiuf_cottage, uniq_jessica, uniq_robin
D:3:      layout_loops_ring
D:4:      minmay_recursive_quarters, layout_loops_corners, minmay_mini_ossuary
D:5:      layout_cave_pools, worldfamousw_hep_ancestral_shrine,
          minmay_temple_entry_fiery, uniq_pikel
D:6:      layout_basic, makhleb_blood_cavern_becter
D:7:      layout_loops_corners, grunt_temple_overflow_growth_and_decay, tgw_sif,
          vehumet_altar_wand_db
D:8:      layout_gridville, mainiacjoe_overflow_chevrons,
          grunt_decor_one_mirror, disabler_island
D:9:      gammafunk_jiyva_shrine, layout_basic, grunt_ministairs_12,
          hangedman_decor_growths, corexii_corridor_pit, minmay_circle_x
D:10:     layout_rooms, solitary_fountain, uniq_psyche, uniq_erica
D:11:     layout_roguey, erik_lair_orcish_takeover,
          nicolae_concentric_dashed_squares_wild, st_stairs_9
D:12:     minmay_the_grid_net [minmay_the_grid_aliased_spiral,
          minmay_the_grid_rooms, minmay_the_grid_outer_diamond,
          minmay_the_grid_armoury, minmay_the_grid_plusring,
          minmay_the_grid_prize_inner_circle], layout_loops_cross, david_orc_5,
          solitary_fountain, uniq_lodul
Temple:   hellmonk_temple_of_storms

Skill      XL: |  1  2  3  4  5  6  7  8  9 10 11 |
---------------+----------------------------------+-----
Fighting       | 1 2 3 4 6 7 |  7.2
Dodging        | 2 |  2.0
Stealth        | 3 |  3.0
Conjurations   | 2 3 4 5 |  5.5
Spellcasting   | 3 5 6 7 8 |  8.6
Fire Magic     | 4 5 6 |  6.1
Translocations | 1 2 3 |  3.2
Air Magic      | 2 |  2.0
Armour         | 1 2 |  2.0
Summonings     | 4 7 9 |  9.3

Action                   |  1- 3 |  4- 6 |  7- 9 | 10-12 || total
-------------------------+-------+-------+-------+-------++-------
Melee: Unarmed           |     4 |       |       |       ||     4
       Dagger            |    13 |     3 |       |       ||    16
       Hand axe          |       |    45 |    24 |       ||    69
       Whip              |       |       |    16 |    21 ||    37
 Cast: Foxfire           |    41 |    63 |    45 |     3 ||   152
       Scorch            |     5 |    34 |    93 |    91 ||   223
       Flame Wave        |       |       |     4 |    11 ||    15
       Kindle Blastspark |       |       |    32 |    43 ||    75
Evoke: Wand              |       |       |       |     5 ||     5
  Use: Potion            |       |     2 |     2 |     5 ||     9
       Scroll            |       |     6 |     5 |     8 ||    19
 Stab: Invisible         |       |       |       |     2 ||     2
Armor: Robe              |    23 |    41 |    71 |       ||   135
       Steam dragon scal |       |       |     2 |    96 ||    98
Dodge: Dodged            |    68 |    52 |    79 |    94 ||   293
Block: Other             |       |       |     6 |    34 ||    40
       Reflection        |       |       |       |     5 ||     5

Table legend: (Time is in decaauts)
 A = Elapsed time spent in this place.
 B = Non-inter-level travel time spent in this place.
 C = Inter-level travel time spent in this place.
 D = Time resting spent in this place.
 E = Time spent auto-exploring this place.
 F = Levels seen in this place.
 G = Mean time per level.
                   A        B        C        D        E       F      G
               +--------+--------+--------+--------+--------+-----+--------+
         Total |  13567 |  13037 |    530 |   1025 |   9244 |  13 | 1043.6 |
       Dungeon |  13521 |  12991 |    530 |   1025 |   9222 |  12 | 1126.8 |
        Temple |     45 |     45 |      0 |      0 |     22 |   1 |   45.0 |
               +--------+--------+--------+--------+--------+-----+--------+

Top non-repeatable levels by time:
     D:4: 2165 daAuts
     D:8: 1677 daAuts
     D:7: 1667 daAuts
     D:1: 1402 daAuts
     D:6: 1367 daAuts
    D:10: 1283 daAuts
     D:3: 1067 daAuts
     D:2: 850 daAuts
     D:9: 843 daAuts
     D:5: 786 daAuts
    D:11: 384 daAuts
  Temple: 45 daAuts
    D:12: 25 daAuts
